 Dungeon Crawl Stone Soup version 0.18.1-48-g4cf74bf (webtiles) character file.

179 Lovchig the Insei (level 5, -7/41 HPs)
             Began as a Vampire Monk on Aug 25, 2016.
             Was a Believer of Nemelex Xobeh.
             Killed by divine providence
             ... invoked by an orc priest
              (15 damage)
             ... on level 4 of the Dungeon.
             The game lasted 00:08:50 (2696 turns).

Lovchig the Insei (Vampire Monk)                    Turns: 2696, Time: 00:08:51

Health: -7/41      AC:  6    Str: 10    XL:     5   Next: 33%
Magic:  5/5        EV: 15    Int: 12    God:    Nemelex Xobeh [**....]
Gold:   82         SH:  0    Dex: 18    Spells: 0 memorised, 4 levels left

rFire  . . .     SeeInvis +       - Unarmed
rCold  . . .     Gourm    .     p - +0 robe {MR+}
rNeg   . . .     Faith    .     (no shield)
rPois  .         Spirit   .     (no helmet)
rElec  .         Dismiss  .     (no cloak)
rCorr  .         Reflect  .     (no gloves)
SustAt .         Harm     .     (no boots)
MR     +....                    (no amulet)
Stlth  +++.......               (no ring)
                                e - +4 ring of protection

@: lethally poisoned (-7 -> -7), regenerating quickly, somewhat resistant to
hostile enchantments, fairly stealthy
A: fangs 3, see invisible, unbreathing
a: Renounce Religion


You were on level 4 of the Dungeon.
You worshipped Nemelex Xobeh.
Nemelex Xobeh was pleased with you.
You were very full.

You visited 1 branch of the dungeon, and saw 4 of its levels.

You collected 82 gold pieces.

Inventory:

Armour
 p - a +0 robe of magic resistance (worn)
Jewellery
 e - a +4 ring of protection (left hand)
 q - a +3 ring of evasion {unknown}
Scrolls
 a - 2 scrolls of teleportation
 d - 2 scrolls of noise
 f - 5 scrolls of remove curse
 r - a scroll of identify
 s - a scroll of magic mapping {unknown}
Potions
 b - 3 potions of blood
 c - a potion of heal wounds
 g - a potion of invisibility
 h - a potion of agility {unknown}
 i - a potion of degeneration {unknown}
 j - a potion of haste {unknown}
 o - a potion of lignification {unknown}
 t - a potion of flight {unknown}
 u - a potion of cancellation {unknown}
Miscellaneous
 k - a plain deck of defence
 l - a plain deck of destruction
 m - a plain deck of destruction
 n - a plain deck of war


   Skills:
 * Level 3.1 Fighting
 * Level 4.3 Dodging
 * Level 4.4 Stealth
 * Level 5.9 Unarmed Combat


You had 4 spell levels left.
You didn't know any spells.

Dungeon Overview and Level Annotations

Branches:
Dungeon (4/15)
 Temple: D:4-7

Altars:
Dithmenos
Fedhas
Nemelex Xobeh
Xom
The Shining One


Innate Abilities, Weirdness & Mutations

Your natural rate of healing is unusually fast.
You have razor-sharp teeth.
You have supernaturally acute eyesight.
You can survive without breathing.


Message History

The orc priest mumbles some strange prayers to Beogh against you.
Beogh smites you!
* * * LOW HITPOINT WARNING * * *
The ooze misses you.
The orc wizard shouts!
You feel sick.
The orc priest looks braver for a moment.
You hit the ooze.
The ooze is moderately wounded.
You feel sick. The ooze misses you.
You punch the ooze!
The ooze is almost dead.
The orc priest casts a cantrip, but nothing happens.
The ooze hits you but does no damage.
You barely miss the ooze.
The ooze is almost dead.
The orc priest calls down the wrath of Beogh upon you.
Beogh smites you!
You die...
Your body glows slightly and disappears.

##.......##
##.[.......#
#........#.#
#.†........#
#..o....#
##.o...##
##ooo##
##J##
#.####@###
#......<.#
########.#
#.# #.# #.#
#.# #.# #.#


You could see 2 orc priests, an orc wizard, an ooze and 2 orcs.

Vanquished Creatures
  An orc wizard (D:3)
  An iguana (D:3)
  A worker ant (D:4)
  3 adders
  2 oozes (D:3)
  2 worms
  3 dart slugs
  2 giant geckos (D:2)
  5 orcs (D:3)
  A giant cockroach (D:3)
  3 goblins
  4 hobgoblins
  4 jackals (D:3)
  5 kobolds
  8 bats
  A giant newt (D:1)
  6 rats
52 creatures vanquished.

Notes
Turn   | Place    | Note
--------------------------------------------------------------
     0 | D:1      | Lovchig the Vampire Monk began the quest for the Orb.
     0 | D:1      | Reached XP level 1. HP: 17/17 MP: 1/1
   217 | D:1      | Reached XP level 2. HP: 23/23 MP: 2/2
   833 | D:2      | Reached skill level 5 in Unarmed Combat
   833 | D:2      | Reached XP level 3. HP: 20/28 MP: 3/3
   893 | D:2      | Found a glowing golden altar of the Shining One.
   893 | D:2      | Found a blossoming altar of Fedhas.
  1082 | D:2      | Found a shimmering altar of Xom.
  1234 | D:2      | Found a sparkling altar of Nemelex Xobeh.
  1273 | D:2      | Became a worshipper of Nemelex Xobeh the Trickster
  1273 | D:2      | Received a gift from Nemelex Xobeh
  1273 | D:2      | Received a gift from Nemelex Xobeh
  1273 | D:2      | Reached * piety under Nemelex Xobeh
  1273 | D:2      | Received a gift from Nemelex Xobeh
  1273 | D:2      | Reached ** piety under Nemelex Xobeh
  1672 | D:3      | Reached XP level 4. HP: 34/34 MP: 4/4
  2484 | D:3      | Found a shadowy altar of Dithmenos.
  2638 | D:3      | HP: 1/35 [iguana (9)]
  2643 | D:3      | Reached XP level 5. HP: 19/41 MP: 5/5
  2696 | D:4      | Killed from afar by an orc priest

Skill      XL: |  1  2  3  4 |
---------------+-------------+-----
Unarmed Combat | 5 |  5.9
Fighting       | 3 |  3.1
Dodging        | 4 |  4.3
Stealth        | 4 |  4.4

Action                   |  1- 3 |  4- 6 || total
-------------------------+-------+-------++-------
Melee: Unarmed           |    86 |    98 ||   184
       Bite              |     9 |     6 ||    15
       Punch             |     1 |     3 ||     4
  Use: Scroll            |     7 |     1 ||     8
       Potion            |       |     2 ||     2
 Stab: Sleeping          |     9 |     2 ||    11
  Eat: Corpse            |    15 |     7 ||    22
Armor: Robe              |    18 |    22 ||    40
Dodge: Dodged            |    44 |    56 ||   100
